 Dungeon Crawl Stone Soup version 0.21.1-1-g345015f (webtiles) character file.

51042 infcreate the Severer (level 14, -8/129 HPs)
             Began as a Minotaur Fighter on May 31, 2018.
             Was a High Priest of Okawaru.
             Mangled by a hog (14 damage)
             ... led by Kirke
             ... on level 6 of the Lair of Beasts.
             The game lasted 01:25:05 (16325 turns).

infcreate the Severer (Minotaur Fighter)           Turns: 16325, Time: 01:25:07

Health: -8/129     AC:  0    Str: 25    XL:     14   Next: 22%
Magic:  8/15       EV: 16    Int:  5    God:    Okawaru [*****.]
Gold:   1159       SH:  0    Dex: 11    Spells: 13/13 levels left

rFire    . . .     SeeInvis .     - Unarmed
rCold    + . .     Gourm    .   (shield currently unavailable)
rNeg     . . .     Faith    .   (armour currently unavailable)
rPois    .         Spirit   .   (helmet currently unavailable)
rElec    .         Reflect  .   (cloak currently unavailable)
rCorr    .         Harm     .   (gloves currently unavailable)
MR       +....                  (boots currently unavailable)
Stlth    +++.......             C - amulet of Kikubaaqudgha's Fury {rC+ Regen+}
HPRegen  0.71/turn              (ring currently unavailable)
MPRegen  0.14/turn              (ring currently unavailable)

@: pig-form, heroism, finesse, slowed
A: small, (retaliatory headbutt)
a: Heroism, Finesse, Renounce Religion


You were on level 6 of the Lair of Beasts.
You worshipped Okawaru.
Okawaru was extremely pleased with you.
You were not hungry.
You were a filthy swine.
You visited 2 branches of the dungeon, and saw 17 of its levels.
You also visited: Sewer and Volcano.

You collected 1159 gold pieces.

Inventory:

Hand Weapons
 l - the +7 war axe of Overwhelming Force (melded) {chop, Dex+4}
   (You found it on level 6 of the Dungeon)

   It inflicts extra damage upon your enemies.
   It affects your dexterity (+4).
Armour
 a - a scarf of repulsion (melded)
 d - the +7 plate armour of the Sunfish (melded) {rF+}
   (Okawaru gifted it to you on level 4 of the Lair of Beasts)

   It protects you from fire.
 D - a +2 cloak of poison resistance
 G - a +0 pair of gloves of archery (melded)
 N - a +1 large shield (melded)
Jewellery
 x - the ring of Cefamnao (melded) {-Tele rPois rC+ SInv}
   (You found it on level 11 of the Dungeon)

   [ring of see invisible]

   It protects you from cold.
   It protects you from poison.
   It lets you see invisible.
   It prevents most forms of teleportation.
 C - the amulet of Kikubaaqudgha's Fury (around neck) {rC+ Regen+}
   (You took it off Sonja on level 11 of the Dungeon)

   [amulet of regeneration]

   It protects you from cold.
   It increases your rate of regeneration.
 F - an uncursed ring of resist corrosion
 L - a ring of poison resistance (melded)
Wands
 t - a wand of digging (64)
Scrolls
 b - 12 scrolls of teleportation
 e - 4 scrolls of identify
 h - 3 scrolls of blinking
 i - 10 scrolls of remove curse
 k - 4 scrolls of amnesia
 m - a scroll of fear
 q - a scroll of enchant armour
 s - a scroll of fog
 y - 2 scrolls of enchant weapon
Potions
 g - 5 potions of flight
 j - 7 potions of curing
 n - a potion of cancellation
 o - 5 potions of lignification
 p - 3 potions of invisibility
 r - 2 potions of berserk rage
 v - a potion of mutation {unknown}
 w - a potion of ambrosia {unknown}
 z - 3 potions of haste
 B - a potion of heal wounds {unknown}
 E - 2 potions of agility {unknown}
 J - 2 potions of resistance
 K - 3 potions of brilliance
 M - a potion of magic {unknown}
Books
 c - a book of Maledictions

   Spells                             Type                      Level
   a - Corona                         Hexes                        1
   b - Ensorcelled Hibernation        Hexes/Ice                    2
   c - Confuse                        Hexes                        3
   d - Tukima's Dance                 Hexes                        3
   e - Dazzling Spray                 Conjuration/Hexes            3
Comestibles
 f - 31 rations


   Skills:
 + Level 13.5(18.5) Fighting
 + Level 17.3(22.3) Axes
 + Level 13.5(18.5) Armour
 + Level 13.6(18.6) Shields
 + Level 3.8 Invocations


You had 13 spell levels left.
You didn't know any spells.

Dungeon Overview and Level Annotations

Branches:
Dungeon (11/15)            Temple (0/1) D:6            Lair (6/6) D:11
  Swamp (0/4) Lair:2       Spider (0/4) Lair:2        Slime (0/5) Lair:6
    Orc: D:9-12

Altars:
Cheibriados
Dithmenos
Fedhas
Hepliaklqana
Makhleb
Okawaru
Trog
Jiyva

Shops:
D:7 }   D:9 (

Annotations:
Lair:6 Kirke


Innate Abilities, Weirdness & Mutations

((You reflexively headbutt those who attack you in melee.))
((You have a pair of horns on your head.))


Message History

The ring of Cefamnao {-Tele rPois rC+ SInv} melds into your body.
Your ring of poison resistance melds into your body.
The haze of the repulsion field disappears.
Your aim is not that steady anymore.
The hog bites you!
You gain the combat prowess of a mighty hero.
The hog bites you. x2; The lindwurm bites you!
The lindwurm barely misses you. The lindwurm closely misses you.
Kirke hits you!
* * * LOW HITPOINT WARNING * * *
The hog bites you.
* * * LOW HITPOINT WARNING * * *
The hog misses you. The lindwurm closely misses you. The lindwurm claws you.
* * * LOW HITPOINT WARNING * * *
The lindwurm barely misses you.
You can now deal lightning-fast blows.
The hog bites you!
* * * LOW HITPOINT WARNING * * *
Kirke hits you!
* * * LOW HITPOINT WARNING * * *
The hog bites you!
You die...

#.....P...# .
##.....[...#)
..##...........#
#............## ..####
####.........$..##..
..PP..................PP.P
.............k@h..........
#...#.#..P...hh.....P....
#.......?.............P.
###....................#
##..#...##.###.#.......##
...........#####...#†.##
.#P.P..P..†P####.....##
##.....P##†.#.#...#..P#
#...##.P##..#.#..P...##
##.....###.......(.[##


You could see Kirke, a lindwurm and 2 hogs.

Vanquished Creatures
  The ghost of Britaniac the Grappler, a journeyman OgTm of Okawaru (Lair:3)
  The ghost of rlgrobin the Slicer, a journeyman GnCK of Xom (Lair:5)
  A red draconian (Volcano)
  Snorg (Lair:3)
  An ogre mage (Volcano)
  5 hydras
  A centaur warrior (D:11)
  A catoblepas (Lair:4)
  7 two-headed ogres
  9 death yaks (Lair:4)
  Sonja (D:11)
  An unseen horror (D:11)
  A deep elf mage (D:10)
  5 elephants (Lair:4)
  An ugly thing (D:11)
  5 black mambas
  A molten gargoyle (Volcano)
  2 torpor snails
  8 spiny frogs
  2 gargoyles
  An ice statue (Lair:3)
  An ice devil (Lair:3)
  3 komodo dragons
  2 trolls (D:11)
  A hornet (D:10)
  2 polar bears
  A jumping spider (Lair:2)
  3 blink frogs (Lair:5)
  4 slime creatures (D:8)
  8 hippogriffs
  A spriggan (D:10)
  2 wraiths
  4 wyverns
  3 basilisks
  2 fire bats (Volcano)
  46 yaks
  3 hogs (Lair:6)
  5 hungry ghosts
  Menkaure (D:6)
  10 water moccasins
  6 porcupines
  2 orc warriors (D:10)
  3 black bears
  9 ice beasts
  4 sky beasts
  2 phantoms
  An eye of draining (D:10)
  9 wolves
  4 centaurs (Lair:2)
  4 ogres
  11 crocodiles
  A big kobold (D:7)
  Blork the orc (D:5)
  6 bullfrogs
  A wyvern zombie (D:7)
  4 scorpions
  A wyvern skeleton (D:9)
  3 killer bees (D:8)
  An electric eel (Lair:2)
  3 howler monkeys (D:9)
  3 crimson imps
  5 lava snakes (Volcano)
  5 centaur skeletons
  6 hounds
  A bullfrog skeleton (D:9)
  6 orc priests
  12 orc wizards
  An iguana (D:6)
  6 worker ants
  2 hound skeletons
  A worker ant zombie (D:7)
  12 adders
  3 gnolls (D:4)
  A howler monkey skeleton (D:4)
  4 shadow imps
  3 white imps (Lair:3)
  2 oozes
  An adder skeleton (D:4)
  7 worms
  8 leopard geckos
  36 orcs
  8 ball pythons
  2 giant cockroaches
  5 goblins
  7 hobgoblins
  12 jackals
  5 quokkas
  8 bats
  4 frilled lizards
  11 kobolds
  A leopard gecko zombie (D:7)
  A quokka skeleton (D:8)
  5 rats
  5 fungi
  2 plants (Lair:5)
435 creatures vanquished.

Vanquished Creatures (others)
  10 fungi (Lair:6)
  5 plants
15 creatures vanquished.

Grand Total: 450 creatures vanquished

Notes
Turn   | Place    | Note
-------+----------+-------------------------------------------
     0 | D:1      | infcreate the Minotaur Fighter began the quest for the Orb.
     0 | D:1      | Reached XP level 1. HP: 19/19 MP: 0/0
   235 | D:1      | Reached XP level 2. HP: 27/27 MP: 1/1
   858 | D:2      | Found a burning altar of Makhleb.
   858 | D:2      | Noticed a cacodemon
   861 | D:2      | Found an iron altar of Okawaru.
   872 | D:2      | Noticed a sky beast
  1239 | D:2      | Reached XP level 3. HP: 22/33 MP: 2/2
  1433 | D:2      | Became a worshipper of Warmaster Okawaru
  1522 | D:2      | Reached skill level 3 in Axes
  1827 | D:2      | Reached XP level 4. HP: 40/40 MP: 3/3
  2044 | D:1      | Killed a sky beast
  2044 | D:1      | Reached skill level 4 in Axes
  2044 | D:1      | Reached XP level 5. HP: 33/47 MP: 4/4
  2156 | D:3      | Reached skill level 5 in Armour
  2240 | D:3      | Reached skill level 5 in Axes
  2474 | D:4      | Reached XP level 6. HP: 53/53 MP: 5/5
  2478 | D:4      | Reached * piety under Okawaru
  3153 | D:4      | Reached skill level 5 in Shields
  3546 | D:4      | Found a snail-covered altar of Cheibriados.
  3577 | D:5      | Entered Level 5 of the Dungeon
  3632 | D:5      | Found a glowing drain.
  3676 | Sewer    | Entered a sewer
  3963 | D:5      | Noticed Blork the orc
  3975 | D:5      | Killed Blork the orc
  3975 | D:5      | Reached skill level 5 in Fighting
  3975 | D:5      | Reached skill level 6 in Axes
  3975 | D:5      | Reached XP level 7. HP: 29/61 MP: 6/6
  4243 | D:5      | Reached ** piety under Okawaru
  4631 | D:5      | Found a blossoming altar of Fedhas.
  5017 | D:6      | Identified the +7 war axe of Overwhelming Force {chop, Dex+4} (You found it on level 6 of the Dungeon)
  5136 | D:6      | Reached skill level 7 in Axes
  5193 | D:6      | Noticed Menkaure
  5207 | D:6      | Killed Menkaure
  5207 | D:6      | Reached XP level 8. HP: 56/70 MP: 7/7
  5427 | D:6      | Reached skill level 8 in Axes
  5525 | D:6      | Found a staircase to the Ecumenical Temple.
  5833 | D:7      | Found a bloodstained altar of Trog.
  5853 | D:7      | Reached *** piety under Okawaru
  5909 | D:7      | Reached skill level 9 in Axes
  6053 | D:7      | Found Ydueckawk's Gadget Shoppe.
  6639 | D:8      | Found a transporter.
  6646 | D:8      | Found a viscous altar of Jiyva.
  6718 | D:8      | Reached **** piety under Okawaru
  6718 | D:8      | Reached XP level 9. HP: 76/78 MP: 8/8
  6798 | D:8      | Reached skill level 10 in Axes
  6905 | D:8      | Found a hazy altar of Hepliaklqana.
  6969 | D:8      | Noticed a two-headed ogre
  6975 | D:8      | Killed a two-headed ogre
  6975 | D:8      | Reached ***** piety under Okawaru
  6975 | D:8      | Received a gift from Okawaru
  6975 | D:8      | Reached skill level 11 in Axes
  7217 | D:8      | Reached skill level 1 in Invocations
  7386 | D:8      | Found a transporter.
  7395 | D:8      | Reached XP level 10. HP: 69/88 MP: 6/9
  7664 | D:9      | Reached skill level 12 in Axes
  7818 | D:9      | Found Orukeh's Weapon Shop.
  8559 | D:9      | Found a shadowy altar of Dithmenos.
  8649 | D:10     | Entered Level 10 of the Dungeon
  8701 | D:10     | Received a gift from Okawaru
  8803 | D:10     | Noticed a two-headed ogre
  8818 | D:10     | Killed a two-headed ogre
  8818 | D:10     | Reached skill level 13 in Axes
  8924 | D:10     | Noticed a deep elf mage
  8943 | D:10     | Killed a deep elf mage
  9150 | D:10     | Noticed a two-headed ogre
  9157 | D:10     | Killed a two-headed ogre
  9157 | D:10     | Reached XP level 11. HP: 64/97 MP: 8/11
  9593 | D:10     | Reached skill level 10 in Armour
  9638 | D:10     | Reached skill level 14 in Axes
  9737 | D:10     | Received a gift from Okawaru
  9744 | D:10     | Reached ****** piety under Okawaru
 10108 | D:11     | Got a translucent brass ring
 10109 | D:11     | Identified the ring of Cefamnao {-Tele rPois rC+ SInv} (You found it on level 11 of the Dungeon)
 10128 | D:11     | Noticed Sonja
 10435 | D:11     | Noticed an unseen horror
 10445 | D:11     | Killed an unseen horror
 10445 | D:11     | Reached skill level 10 in Fighting
 10483 | D:11     | Noticed a centaur warrior
 10491 | D:11     | Killed a centaur warrior
 10533 | D:11     | Noticed a red ugly thing
 10545 | D:11     | Killed a red ugly thing
 10668 | D:11     | Killed Sonja
 10686 | D:11     | Got a pitted ivory amulet
 10748 | D:11     | Found a staircase to the Lair.
 11167 | Lair:1   | Entered Level 1 of the Lair of Beasts
 11190 | Lair:1   | Identified the amulet of Kikubaaqudgha's Fury {rC+ Regen+} (You took it off Sonja on level 11 of the Dungeon)
 11403 | Lair:1   | Reached skill level 15 in Axes
 11420 | Lair:1   | Reached XP level 12. HP: 80/108 MP: 12/12
 11430 | Lair:1   | Reached skill level 10 in Shields
 11722 | Lair:1   | Received a gift from Okawaru
 11950 | Lair:2   | Found a staircase to the Swamp.
 12029 | Lair:2   | Found a bloodstained altar of Trog.
 12151 | Lair:2   | Noticed an eight-headed hydra
 12161 | Lair:2   | Killed a 13-headed hydra
 12258 | Lair:2   | Found a hole to the Spider Nest.
 12504 | Lair:3   | Noticed Snorg
 12519 | Lair:3   | Killed Snorg
 12523 | Lair:3   | Reached skill level 16 in Axes
 12694 | Lair:3   | Noticed Britaniac's ghost (journeyman OgTm)
 12723 | Lair:3   | Killed Britaniac's ghost
 12901 | Lair:3   | Noticed a six-headed hydra
 13098 | Lair:2   | Killed an 18-headed hydra
 13239 | Lair:3   | Noticed an eight-headed hydra
 13250 | Lair:3   | Killed a ten-headed hydra
 13250 | Lair:3   | Reached XP level 13. HP: 110/117 MP: 5/14
 13295 | Lair:3   | Received a gift from Okawaru
 13943 | Lair:4   | Found a dark tunnel.
 13952 | Volcano  | Entered a volcano
 14441 | Volcano  | Found a burning altar of Makhleb.
 14476 | Volcano  | Received a gift from Okawaru
 14514 | Volcano  | Noticed a red draconian
 14527 | Volcano  | Killed a red draconian
 14921 | Lair:4   | Reached skill level 17 in Axes
 14928 | Lair:4   | Received a gift from Okawaru
 14943 | Lair:4   | Got an encrusted plate armour {god gift}
 14954 | Lair:4   | Identified the +7 plate armour of the Sunfish {rF+} (Okawaru gifted it to you on level 4 of the Lair of Beasts)
 15482 | Lair:5   | Reached XP level 14. HP: 121/129 MP: 15/15
 15673 | Lair:5   | Noticed rlgrobin's ghost (journeyman GnCK)
 15735 | Lair:5   | Killed rlgrobin's ghost
 16249 | Lair:6   | Entered Level 6 of the Lair of Beasts
 16249 | Lair:6   | Found a viscous altar of Jiyva.
 16249 | Lair:6   | Found a staircase to the Slime Pits.
 16312 | Lair:6   | Noticed Kirke
 16325 | Lair:6   | HP: 6/129 [Kirke (14)]
 16325 | Lair:6   | Mangled by a hog

Skill      XL: |  1  2  3  4  5  6  7  8  9 10 11 12 13 |
---------------+----------------------------------------+-----
Armour         | 4 5 6 7 8 9 11 12 13 | 13.5
Shields        | 4 5 6 7 8 9 11 13 | 13.6
Fighting       | 4 5 6 7 9 10 11 13 | 13.5
Axes           | 3 4 5 6 7 9 11 13 15 16 17 | 17.3
Invocations    | 1 2 3 |  3.8

Action                   |  1- 3 |  4- 6 |  7- 9 | 10-12 | 13-15 || total
-------------------------+-------+-------+-------+-------+-------++-------
Melee: War axe           |    80 |   153 |   174 |   483 |   346 ||  1236
       Headbutt          |    10 |    21 |    31 |   114 |    91 ||   267
Invok: Heroism           |       |       |     4 |    12 |     6 ||    22
       Finesse           |       |       |       |     3 |     3 ||     6
  Use: Scroll            |     4 |     4 |     6 |    10 |     4 ||    28
       Potion            |     1 |       |       |     2 |     2 ||     5
 Stab: Petrified         |       |       |       |       |    10 ||    10
       Confused          |       |       |       |       |     1 ||     1
  Eat: Chunk             |     3 |     6 |    11 |    14 |     5 ||    39
       Ration            |       |       |     2 |     3 |     1 ||     6
Armor: Scale mail        |    35 |    91 |     5 |       |       ||   131
       Plate armour      |       |       |    70 |   233 |   142 ||   445
Dodge: Dodged            |    21 |    47 |    25 |    94 |    58 ||   245
       Deflected         |       |       |       |     3 |     2 ||     5
Block: Shield            |    29 |   118 |    85 |   230 |       ||   462
       Large shield      |       |       |       |   122 |   303 ||   425
